 Dungeon Crawl Stone Soup version 0.20.1-1-g8b1a95d (webtiles) character file.

161 Melbolja the Covert (level 5, -4/38 HPs)
             Began as a Vampire Assassin on Oct 8, 2017.
             Killed by divine providence
             ... invoked by an orc priest
              (14 damage)
             ... on level 4 of the Dungeon.
             The game lasted 00:16:55 (2985 turns).

Melbolja the Covert (Vampire Assassin)              Turns: 2985, Time: 00:16:56

Health: -4/38      AC:  3    Str: 10    XL:     5   Next: 18%
Magic:  5/5        EV: 12    Int: 14    God:
Gold:   160        SH:  0    Dex: 16    Spells: 4/4 levels left

rFire    . . .     SeeInvis +   a - +2 dagger
rCold    . . .     Gourm    .   (no shield)
rNeg     . . .     Faith    .   c - +0 robe
rPois    .         Spirit   .   (no helmet)
rElec    .         Reflect  .   d - +0 cloak
rCorr    .         Harm     .   (no gloves)
MR       .....                  (no boots)
Stlth    ++++......             (no amulet)
Regen    0.4/turn               (no ring)
MPRegen  0.1/turn               (no ring)

@: regenerating quickly
A: fangs 3, see invisible, unbreathing
a: no special abilities


You were on level 4 of the Dungeon.
You were almost alive.

You visited 1 branch of the dungeon, and saw 4 of its levels.

You collected 160 gold pieces.

Inventory:

Hand Weapons
 a - a +2 dagger (weapon)
 b - a +0 blowgun
Missiles
 e - 25 poisoned needles
 f - 2 curare-tipped needles
 i - 122 stones (quivered)
 l - 108 arrows
Armour
 c - a +0 robe (worn)
 d - a +0 cloak (worn)
Scrolls
 h - 2 scrolls of teleportation
 j - a scroll of identify
 n - 2 scrolls of remove curse
 r - a scroll of magic mapping
Potions
 g - 5 potions of blood
 k - a potion of heal wounds
 m - a potion of curing
 p - a potion of haste {unknown}
 q - a potion of lignification {unknown}
 s - a potion of ambrosia {unknown}


   Skills:
 + Level 2.2 Fighting
 + Level 2.6 Short Blades
 + Level 1.5 Throwing
 + Level 1.5 Dodging
 * Level 9.1 Stealth


You had 4 spell levels left.
You didn't know any spells.

Dungeon Overview and Level Annotations

Branches:
Dungeon (4/15)
 Temple: D:4-7

Altars:


Innate Abilities, Weirdness & Mutations

Your natural rate of healing is unusually fast.
You have razor-sharp teeth.
You have supernaturally acute eyesight. (SInv)
You can survive without breathing.


Message History

You barely miss the orc.
The orc is severely wounded.
The orc misses you.
You hit the orc but do no damage.
The orc is heavily wounded.
The orc priest looks braver for a moment.
You barely miss the orc.
The orc is heavily wounded.
The orc hits you with a flail.
You closely miss the orc.
The orc is heavily wounded.
The orc hits you with a flail.
You hit the orc.
The orc is severely wounded.
The orc hits you with a flail.
* * * LOW HITPOINT WARNING * * *
Yummy - fresh blood!
The orc priest mumbles some strange prayers to Beogh against you.
Beogh smites you!
You die...

.########
......... #.
........# #..#
..:....o###..#
........o..#
......##o###
..... ##o#
.S.. #@## ...
##.# .# #.##
##.# #.## ##.#
#.## ##.#
##.##


You could see an orc priest and 2 orcs.

Vanquished Creatures
  A scorpion (D:4)
  Terence (D:2)
  2 adders (D:2)
  4 worms
  2 leopard geckos
  2 orcs (D:4)
  2 giant cockroaches
  7 goblins
  5 hobgoblins
  3 ball pythons (D:3)
  8 bats
  4 frilled lizards
  7 kobolds
  11 rats
59 creatures vanquished.

Notes
Turn   | Place    | Note
-------+----------+-------------------------------------------
     0 | D:1      | Melbolja the Vampire Assassin began the quest for the Orb.
     0 | D:1      | Reached XP level 1. HP: 16/16 MP: 1/1
    42 | D:1      | Reached skill level 6 in Stealth
   567 | D:1      | Reached XP level 2. HP: 22/22 MP: 2/2
  1041 | D:2      | Reached skill level 7 in Stealth
  1041 | D:2      | Reached XP level 3. HP: 27/27 MP: 3/3
  1339 | D:2      | Noticed Terence
  1370 | D:2      | Killed Terence
  1624 | D:2      | Reached XP level 4. HP: 33/33 MP: 4/4
  1803 | D:2      | Reached skill level 8 in Stealth
  2768 | D:4      | Reached skill level 9 in Stealth
  2768 | D:4      | Reached XP level 5. HP: 38/38 MP: 5/5
  2985 | D:4      | Killed from afar by an orc priest

Skill      XL: |  1  2  3  4 |
---------------+-------------+-----
Stealth        | 6 7 9 |  9.1
Fighting       | 2 |  2.2
Short Blades   | |  2.6
Throwing       | |  1.5
Dodging        | |  1.5

Action                   |  1- 3 |  4- 6 || total
-------------------------+-------+-------++-------
Melee: Dagger            |   101 |   108 ||   209
       Bite              |     9 |    10 ||    19
  Use: Potion            |     5 |    14 ||    19
       Scroll            |     2 |     5 ||     7
 Stab: Sleeping          |    10 |    13 ||    23
       Distracted        |       |     4 ||     4
Armor: Robe              |    15 |     4 ||    19
Dodge: Dodged            |    42 |    44 ||    86
